 Dungeon Crawl Stone Soup version 0.26-a0-649-gf8c6c3aab7 (webtiles) character file.

Game seed: 2800677915621756613

865 dracos369 the Shield-Bearer (level 8, -1/39 HPs)
             Began as a Vine Stalker Fighter on Sept 27, 2020.
             Was a High Priest of Uskayaw.
             Slain by an orc warrior
             ... wielding a +0 flail
              (10 damage)
             ... on level 4 of the Dungeon.
             The game lasted 00:11:48 (4352 turns).

dracos369 the Shield-Bearer (Vine Stalker Fighter)  Turns: 4352, Time: 00:11:49

Health: -1/39      AC:  7    Str: 20    XL:     8   Next: 3%
Magic:  0/11       EV:  7    Int:  8    God:    Uskayaw [*****.]
Gold:   278        SH: 10    Dex: 15    Spells: 7/7 levels left

rFire    . . .     SeeInvis .   q - +3 dagger
rCold    . . .     Faith    .   c - +0 kite shield
rNeg     . . .     Spirit   +   b - +0 scale mail
rPois    .         Reflect  .   (no helmet)
rElec    .         Harm     .   o - +0 cloak
rCorr    .         Rampage  .   (no gloves)
MR       +....                  (no boots)
Stlth    +.........             y - amulet of the acrobat
HPRegen  0.53/turn              (no ring)
MPRegen  0.12/turn              (no ring)

@: no status effects
A: fangs 3, regeneration 1, magic shield, antimagic bite, no potion heal 3, rot
immunity
a: Stomp, Line Pass, Grand Finale, Renounce Religion


You were on level 4 of the Dungeon.
You worshipped Uskayaw.
Uskayaw was noncommittal.
You visited 2 branches of the dungeon, and saw 6 of its levels.
You also visited: Ossuary.

You collected 278 gold pieces.

Inventory:

Hand Weapons
 a - a +0 rapier
 q - a +3 dagger (weapon)
Missiles
 p - 2 throwing nets (quivered)
 r - 8 javelins
Armour
 b - a +0 scale mail (worn)
 c - a +0 kite shield (worn)
 f - a +0 tower shield
 o - a +0 cloak (worn)
Jewellery
 y - an amulet of the acrobat (around neck)
Scrolls
 g - a scroll of magic mapping
 h - 5 scrolls of identify {unknown}
 j - 3 scrolls of enchant weapon {unknown}
 k - a scroll of fog {unknown}
 n - a scroll of noise {unknown}
 u - 2 scrolls of teleportation {unknown}
 w - 2 scrolls of random uselessness {unknown}
Potions
 d - a potion of might
 e - a potion of resistance {unknown}
 i - 2 potions of flight {unknown}
 l - a potion of heal wounds
 m - 2 potions of brilliance
 s - a potion of curing {unknown}
 t - a potion of berserk rage {unknown}
 v - 2 potions of haste {unknown}
 x - a potion of mutation {unknown}


   Skills:
 - Level 2.6 Fighting
 + Level 5.1 Short Blades
 - Level 2.4 Armour
 + Level 3.8 Stealth
 + Level 5.5 Shields
 + Level 2.9 Invocations


You had 7 spell levels left.
You didn't know any spells.
Your spell library was empty.

Dungeon Overview and Level Annotations

Branches:
Dungeon (5/15)             Temple (1/1) D:5         Ossuary (visited)

Altars:
Ashenzari
Cheibriados
Dithmenos
Elyvilon
Fedhas
Gozag
Hepliaklqana
Kikubaaqudgha
Makhleb
Nemelex Xobeh
Qazlal
Ru
Sif Muna
Trog
Uskayaw
Wu Jian
Xom
Yredelemnul
Zin
The Shining One


Innate Abilities, Weirdness & Mutations

You have razor-sharp teeth.
Your natural rate of healing is unusually fast.
When hurt, damage is shared between your health and your magic reserves.
Your bite disrupts and absorbs the magic of your enemies.
Potions cannot restore your health.
You are immune to rotting.


Message History

The orc warrior is severely wounded.
The orc throws a boomerang.
You block the boomerang.
The weapon returns to the orc!
You block the orc warrior's attack.
You can now merge with and destroy a victim.
Your shield prevents you from hitting the orc warrior.
The orc warrior is severely wounded.
The orc throws a boomerang.
The boomerang hits you but does no damage.
The weapon returns to the orc!
You hit the orc warrior but do no damage.
You bite the orc warrior, but do no damage.
The orc warrior is severely wounded.
The orc is no longer sharing its pain.
The orc warrior closely misses you.
The orc throws a boomerang.
The boomerang hits you but does no damage.
The weapon returns to the orc!
You hit the orc warrior. Your bite misses the orc warrior.
The orc warrior is almost dead.
The orc warrior hits you with a +0 flail!
You die...

.......#.#.#*.##..,**,**
.......#..##.#o...**,,*
.......#.###.#...#,*,,*
.........#,....#.#**,,*
...(....)#*,#8...##8,,*
....####.#***#....##,,*
.>#.####.# #.....#*,*
.........#######)####.#
.............)..@o....#
.......##...#/..().####
.......##..##.######
.......##.....#
.......#####.## .......#
#..#* .......# ##..*
......## *#.# .....##
**,*


You could see an orc warrior (pain bonded) and an orc.

Vanquished Creatures
  2 ogres
  A bullfrog (D:4)
  A centaur zombie (Ossuary)
  A hound (D:4)
  2 human zombies (Ossuary)
  An orc priest (D:4)
  Natasha (thrice) (D:2)
  An iguana (D:5)
  2 orc wizards (D:4)
  2 worker ants
  2 big kobold zombies (Ossuary)
  A hound zombie (D:5)
  A hound skeleton (D:4)
  2 mummies (Ossuary)
  4 adders
  A gnoll (D:1)
  An ooze (D:1)
  2 adder zombies (Ossuary)
  2 adder skeletons (D:5)
  A worm (D:3)
  5 dart slugs
  3 leopard geckos
  7 orcs
  4 bats
  5 giant cockroaches
  8 goblins
  10 hobgoblins
  8 jackals
  A quokka (D:2)
  3 ball pythons
  A ball python zombie (D:5)
  5 frilled lizards
  A goblin zombie (Ossuary)
  13 hobgoblin zombies (Ossuary)
  A jackal skeleton (D:4)
  A jackal zombie (Ossuary)
  6 kobolds
  8 kobold zombies (Ossuary)
  A leopard gecko zombie (D:4)
  6 orc zombies (Ossuary)
  5 rats
  A rat zombie (Ossuary)
136 creatures vanquished.

Notes
Turn   | Place    | Note
-------+----------+-------------------------------------------
     0 | D:1      | dracos369 the Vine Stalker Fighter began the quest for the
                  | Orb.
     0 | D:1      | Reached XP level 1. HP: 11/11 MP: 2/2
    58 | D:1      | Reached XP level 2. HP: 16/16 MP: 3/3
   203 | D:1      | Reached XP level 3. HP: 19/19 MP: 4/4
   805 | D:2      | Gained mutation: Your natural rate of healing is unusually
                  | fast. [Vine Stalker growth]
   805 | D:2      | Reached XP level 4. HP: 23/23 MP: 5/5
  1109 | D:2      | Noticed Natasha
  1118 | D:2      | Killed Natasha
  1265 | D:2      | Noticed Natasha
  1274 | D:2      | Killed Natasha
  1274 | D:2      | Reached XP level 5. HP: 3/27 MP: 1/6
  2148 | D:2      | Noticed Natasha
  2177 | D:2      | Killed Natasha
  2765 | D:3      | Found an ancient bone altar of Kikubaaqudgha.
  3172 | D:3      | You fall into a shaft and drop 2 floors!
  3172 | D:5      | Entered Level 5 of the Dungeon
  3196 | D:5      | Reached XP level 6. HP: 24/32 MP: 4/7
  3230 | D:5      | Found a staircase to the Ecumenical Temple.
  3247 | Temple   | Entered the Ecumenical Temple
  3294 | Temple   | Became a worshipper of Uskayaw the Reveler
  3464 | D:5      | Found a white marble altar of Elyvilon.
  3471 | D:5      | Reached * piety under Uskayaw
  3477 | D:5      | Reached skill level 1 in Stealth
  3477 | D:5      | Reached ** piety under Uskayaw
  3482 | D:5      | Reached skill level 1 in Invocations
  3611 | D:4      | Reached skill level 5 in Shields
  3611 | D:4      | Reached XP level 7. HP: 25/35 MP: 6/9
  3614 | D:4      | Reached *** piety under Uskayaw
  3616 | D:4      | Reached **** piety under Uskayaw
  3696 | D:4      | Found a sand-covered staircase.
  3713 | Ossuary  | Entered an ossuary
  3946 | Ossuary  | Reached skill level 5 in Short Blades
  4321 | D:4      | Gained mutation: You have razor-sharp teeth. [Vine Stalker
                  | growth]
  4321 | D:4      | Reached XP level 8. HP: 39/39 MP: 11/11
  4349 | D:4      | Reached ***** piety under Uskayaw
  4352 | D:4      | Slain by an orc warrior

Illustrated notes

Levels and vault maps discovered:
D:1:      scummos_arrival_simple_crosswalls, layout_rooms
D:2:      layout_basic, uniq_natasha
D:3:      layout_basic, marbit_many_paths
D:4:      layout_rooms, serial_shops, shop,
          nicolae_ossuary_entry_false_entrances, guppyfry_early_orc_mine
D:5:      layout_basic, overflow_temple_1_default,
          minmay_temple_entry_enclosed_plants, grunt_qazlal_clouds
Temple:   eino_narrow_crystal_temple

Skill      XL: |  1  2  3  4  5  6  7 |
---------------+----------------------+-----
Short Blades   | 2 3 4 5 |  5.1
Shields        | 3 4 5 |  5.5
Stealth        | 2 3 |  3.8
Invocations    | 1 2 |  2.9
Fighting       | |  2.6
Armour         | |  2.4

Action                   |  1- 3 |  4- 6 |  7- 9 || total
-------------------------+-------+-------+-------++-------
Melee: Rapier            |    74 |    93 |       ||   167
       Bite              |    16 |    60 |    72 ||   148
       Dagger            |       |    91 |   198 ||   289
Throw: Throwing net      |       |     1 |       ||     1
  Use: Scroll            |     1 |     2 |     1 ||     4
       Potion            |       |     4 |       ||     4
 Stab: Held in net/web   |       |     1 |       ||     1
       Paralysed         |       |       |     4 ||     4
Armor: Scale mail        |    30 |    60 |    31 ||   121
Dodge: Dodged            |    25 |    38 |    20 ||    83
Block: Kite shield       |    29 |    69 |    62 ||   160

Table legend: (Time is in decaauts)
 A = Elapsed time spent in this place.
 B = Non-inter-level travel time spent in this place.
 C = Inter-level travel time spent in this place.
 D = Time resting spent in this place.
 E = Time spent auto-exploring this place.
 F = Levels seen in this place.
 G = Mean time per level.
                   A        B        C        D        E       F      G
               +--------+--------+--------+--------+--------+-----+--------+
         Total |   4343 |   4083 |    260 |    327 |   2807 |   7 |  620.4 |
       Dungeon |   3884 |   3637 |    247 |    327 |   2519 |   5 |  776.8 |
        Temple |    205 |    192 |     13 |      0 |    185 |   1 |  205.0 |
       Ossuary |    253 |    253 |      0 |      0 |    103 |   1 |  253.0 |
               +--------+--------+--------+--------+--------+-----+--------+

Top non-repeatable levels by time:
     D:2: 2110 daAuts
     D:3: 652 daAuts
     D:1: 612 daAuts
     D:4: 309 daAuts
 Ossuary: 253 daAuts
  Temple: 205 daAuts
     D:5: 200 daAuts
